 Dungeon Crawl Stone Soup version 0.31-a0-152-g6aa68a64a1 (webtiles) character file.

Game seed: 13241691159767919675

59 qw the Shooter (level 4, -4/39 HPs)
             Began as a Naga Hunter on June 11, 2023.
             Slain by a gnoll
             ... wielding a +0 club
              (5 damage)
             ... on level 3 of the Dungeon.
             The game lasted 00:00:24 (1822 turns).

qw the Shooter (Naga Hunter)                        Turns: 1822, Time: 00:00:24

Health: -4/39      AC:  2    Str: 14    XL:     4   Next: 3%
Magic:  4/4        EV:  9    Int:  9    God:
Gold:   173        SH:  0    Dex: 16    Spells: 3/3 levels left

rFire   . . .        Y - +0 shortbow
rCold   . . .        (shield currently unavailable)
rNeg    . . .        c - +0 leather armour
rPois   +            (no helmet)
rElec   .            (no cloak)
rCorr   .            (no gloves)
SInv    +            (no barding)
Will    +....        (no amulet)
Stlth   ++           d - ring of willpower
HPRegen 0.26/turn    (no ring)
MPRegen 0.09/turn

%: no passive effects
@: short of breath, very slow
A: AC +1, large, see invisible, deformed body, poison resistance, slowness 2,
spit poison 1, naga tail 1
a: Spit Poison


You were on level 3 of the Dungeon.
You visited 1 branch of the dungeon, and saw 3 of its levels.

You collected 173 gold pieces.


Innate Abilities, Weirdness & Mutations

Your serpentine skin is tough. (AC +1)
You have supernaturally acute eyesight. (SInv)
Armour fits poorly on your strangely shaped body.
Your system is resistant to poisons. (rPois)
You cover ground very slowly.
You can spit poison.
You have a snake-like lower body.


   Skills:
 + Level 2.0 Fighting
 - Level 5.0 Ranged Weapons
 - Level 1.5 Dodging
 - Level 1.5 Stealth


You had 3 spell levels left.
You didn't know any spells.
Your spell library was empty.

Inventory:

Hand Weapons
 Y - a +0 shortbow (weapon)
Armour
 c - a +0 leather armour (worn)
 e - a +0 pair of gloves
Jewellery
 d - a ring of willpower (left hand)
Scrolls
 b - a scroll of identify {unknown}
Potions
 a - a potion of curing {unknown}
 f - 3 potions of attraction {unknown}
 g - a potion of heal wounds {unknown}
 h - a potion of brilliance {unknown}
 i - a potion of haste {unknown}

Dungeon Overview and Level Annotations

Branches:
Dungeon (3/15)

Altars:
Ashenzari

Shops:
D:1 (


Message History

You have got your breath back.
1816 ||| INVOKING Spit Poison.
Aiming: Spit Poison (2% risk of failure)
Press: ? - help, Shift-Dir - straight line, f/p - adder The splash of poison misses the adder.
The splash of poison hits the gnoll!
The gnoll is severely wounded.
You shoot an arrow. The arrow hits the adder.
The adder is heavily wounded.
The adder bites you. The adder completely misses you.
You shoot an arrow. The arrow hits the adder.
The adder is almost dead.
You have got your breath back.
The adder bites you but does no damage.
1819 ||| INVOKING Spit Poison.
Aiming: Spit Poison (2% risk of failure)
Press: ? - help, Shift-Dir - straight line, f/p - adder The splash of poison misses the adder.
The splash of poison hits the gnoll.
The gnoll is poisoned.
The gnoll is moderately wounded.
The adder bites you. The gnoll misses you. The adder bites you.
You are poisoned.
The adder poisons you!
You shoot an arrow. The arrow hits the adder.
You kill the adder!
You feel sick. The gnoll hits you with a +0 flail! The gnoll barely misses you.
The gnoll hits you with a +0 flail. The gnoll hits you with a +0 whip.
Your Ranged Weapons skill increases to level 5!
You have reached level 4!
You feel stronger.
You shoot an arrow.
The arrow hits the gnoll but does no damage.
The gnoll is severely wounded.
You feel sick. The gnoll barely misses you. The gnoll hits you with a +0 whip.
The gnoll completely misses you.
You shoot an arrow.
The arrow hits the gnoll but does no damage.
The gnoll is severely wounded.
You feel sick.
You are no longer poisoned.
The gnoll hits you with a +0 club.
You die...

###########
##############...g......
..<......:......@g.)....
############.#.##g######
# #########.#.##.# #
#............#..
###.####.....#[#...
#.....##.###...#.###
##.###.#.#.######.# #..#
#..###.......#
#..###.#.#.########


You could see 3 gnolls.

Vanquished Creatures
  A gnoll (D:3)
  2 adders
  A dart slug (D:1)
  An orc (D:3)
  3 bats
  A giant cockroach (D:3)
  3 hobgoblins
  4 jackals (D:1)
  3 quokkas
  A ball python (D:1)
  A frilled lizard (D:1)
  2 goblins (D:1)
  2 kobolds (D:1)
  4 rats
29 creatures vanquished.

Notes
Turn   | Place    | Note
-------+----------+-------------------------------------------
     0 | D:1      | qw the Naga Hunter began the quest for the Orb.
     0 | D:1      | Reached XP level 1. HP: 19/19 MP: 1/1
     0 | D:1      | 0 ||| qw: Version: 0.2-a-29-gdad1ea2
     0 | D:1      | 0 ||| qw: Game counter: 4058
     0 | D:1      | 0 ||| qw: Always use a shield: true
     0 | D:1      | 0 ||| qw: God list: Okawaru
     0 | D:1      | 0 ||| qw: Allow faded altars: false
     0 | D:1      | 0 ||| qw: Do Orc after D:15 true
     0 | D:1      | 0 ||| qw: Do second Lair branch before Depths: true
     0 | D:1      | 0 ||| qw: Lair rune preference: random
     0 | D:1      | 0 ||| qw: Plans: Normal
     0 | D:1      | 0 ||| PLANNING D:1-11
    16 | D:1      | 16 ||| INVOKING Spit Poison.
    21 | D:1      | 21 ||| INVOKING Spit Poison.
    22 | D:1      | 22 ||| INVOKING Spit Poison.
    36 | D:1      | 36 ||| INVOKING Spit Poison.
    42 | D:1      | 42 ||| INVOKING Spit Poison.
    56 | D:1      | 56 ||| INVOKING Spit Poison.
    59 | D:1      | Reached skill level 4 in Ranged Weapons
    59 | D:1      | Reached XP level 2. HP: 26/26 MP: 2/2
    61 | D:1      | 61 ||| INVOKING Spit Poison.
    84 | D:1      | 84 ||| INVOKING Spit Poison.
   112 | D:1      | 112 ||| INVOKING Spit Poison.
   118 | D:1      | 118 ||| INVOKING Spit Poison.
   187 | D:1      | 187 ||| INVOKING Spit Poison.
   217 | D:1      | Found a faded altar of an unknown god.
   222 | D:1      | 222 ||| INVOKING Spit Poison.
   321 | D:1      | Found Nyenoa's Weapon Shoppe.
   336 | D:1      | 336 ||| INVOKING Spit Poison.
   352 | D:1      | 352 ||| INVOKING Spit Poison.
   752 | D:1      | 752 ||| UPGRADING to ring of willpower.
   753 | D:1      | 753 ||| DROPPING +6 ring of intelligence.
   754 | D:1      | 754 ||| READING scroll labelled CET DOEQOEPI.
   755 | D:1      | 755 ||| DROPPING scroll of butterflies.
   829 | D:2      | Found a broken altar of Ashenzari.
  1137 | D:2      | 1137 ||| INVOKING Spit Poison.
  1150 | D:2      | 1150 ||| INVOKING Spit Poison.
  1156 | D:2      | 1156 ||| INVOKING Spit Poison.
  1195 | D:2      | 1195 ||| INVOKING Spit Poison.
  1197 | D:2      | Reached XP level 3. HP: 32/32 MP: 3/3
  1329 | D:2      | 1329 ||| INVOKING Spit Poison.
  1575 | D:3      | 1575 ||| INVOKING Spit Poison.
  1660 | D:3      | 1660 ||| INVOKING Spit Poison.
  1813 | D:3      | 1813 ||| INVOKING Spit Poison.
  1816 | D:3      | 1816 ||| INVOKING Spit Poison.
  1819 | D:3      | 1819 ||| INVOKING Spit Poison.
  1820 | D:3      | HP: 4/32 [gnoll/+0 whip (5)]
  1821 | D:3      | Reached skill level 5 in Ranged Weapons
  1821 | D:3      | Reached XP level 4. HP: 5/39 MP: 4/4
  1822 | D:3      | HP: 1/39 [poisoned by an adder]
  1822 | D:3      | Slain by a gnoll

Levels and vault maps discovered:
D:1:      zaba_arrival_water, layout_loops_ring, ebering_ecumenical_altar_hall,
          serial_shops, shop, minmay_misc_feat_tiny, kennysheep_small_spiral,
          minmay_small_reverse_x
D:2:      layout_loops_corners, basic_altar
D:3:      layout_loops_ring, kennysheep_flooded_box

Skill      XL: |  1  2  3 |
---------------+----------+-----
Ranged Weapons | 4 5 |  5.0
Fighting       | |  2.0
Dodging        | |  1.5
Stealth        | |  1.5

Action                     |  1- 3 |  4- 6 || total
---------------------------+-------+-------++-------
   Fire: Shortbow          |    51 |     2 ||    53
Ability: Spit Poison       |    23 |       ||    23
    Use: Scroll            |     1 |       ||     1
 Armour: Leather armour    |    10 |       ||    10
  Dodge: Dodged            |    14 |     2 ||    16

Table legend:
 A = Non-vault XP
 B = Vault XP
 C = Vault XP percentage of total XP
 D = Non-vault monster count
 E = Vault monster count
 F = Vault count percentage of total count
                 A         B        C        D         E       F
            +---------+---------+-------+---------+---------+-------
      Total |      80 |       5 |   5.9 |      25 |       4 |  13.8
            +---------+---------+-------+---------+---------+-------
        D:1 |      21 |       5 |  19.2 |      12 |       4 |  25.0
        D:2 |      19 |       0 |   0.0 |       5 |       0 |   0.0
        D:3 |      40 |       0 |   0.0 |       8 |       0 |   0.0
            +---------+---------+-------+---------+---------+-------
